Map: Tokamak LE

Players

ManlyManMeat

  • Race: Zerg Zerg
  • League: Diamond
  • Spawn Location: 1:00

VOD

Have the link to the VOD?

Description

Time

  • Played on: July 14, 2025, 6:19 p.m.
  • Length: 4:49
Show
View Real Time Build Order
Export as new Build Order

ManlyManMeat Zerg 

Build Orders:  

Get SALT Encoding   

  12  0:00  Drone  
  13  0:11  Drone  
  14  0:20  Extractor  
  14  0:21  Drone  
  15  0:30  Overlord  
  15  0:56  Drone  
  16  1:04  Hatchery  
  16  1:09  Drone  
  16  1:14  Drone  
  16  1:19  Drone  
  18  1:33  Extractor  
  17  1:45  Drone, Spawning Pool  
  17  1:50  Drone  
  18  2:01  Drone  
  19  2:15  Drone  
  20  2:31  Drone  
  21  2:50  Queen  
  21  2:51  Zergling x2, Queen  
  21  2:53  Overlord  
  26  3:05  Drone x2  
  28  3:18  Drone x2  
  30  3:30  Drone x2  
  32  3:46  Queen  
  34  3:53  Hatchery  
  34  3:59  Overlord  
  33  4:05  Drone x2  
  33  4:07  Drone  
  36  4:26  Drone  
  36  4:27  Drone x3  
  40  4:31  Drone  
  40  4:32  Drone  
Tags
 
League
Diamond
Matchup
Co-op
Add a new tag
Caveats
  • Supply blocks, unpowered buildings, or Contaminate may cause inaccurate times.
  • Supply counts are checked every 10 seconds.